 Dungeon Crawl Stone Soup version 0.21.1-1-g345015f (webtiles) character file.

4 Monsterracer the Stinger (level 1, 0/16 HPs)
             Began as a Hill Orc Venom Mage on Feb 16, 2018.
             Slain by an ooze (4 damage)
             ... on level 1 of the Dungeon.
             The game lasted 00:01:23 (111 turns).

Monsterracer the Stinger (Hill Orc Venom Mage)       Turns: 111, Time: 00:01:24

Health: 0/16       AC:  2    Str: 10    XL:     1   Next: 60%
Magic:  0/3        EV: 12    Int: 15    God:
Gold:   0          SH:  0    Dex: 11    Spells: 2/3 levels left

rFire    . . .     SeeInvis .   (no weapon)
rCold    . . .     Gourm    .   (no shield)
rNeg     . . .     Faith    .   a - +0 robe
rPois    .         Spirit   .   (no helmet)
rElec    .         Reflect  .   (no cloak)
rCorr    .         Harm     .   (no gloves)
MR       .....                  (no boots)
Stlth    ++........             (no amulet)
HPRegen  0.05/turn              (no ring)
MPRegen  0.08/turn              (no ring)

@: no status effects
A: no striking features
a: no special abilities


You were on level 1 of the Dungeon.
You were not hungry.

You visited 1 branch of the dungeon, and saw 1 of its levels.

Inventory:

Armour
 a - a +0 robe (worn)
Books
 b - a Young Poisoner's Handbook

   Spells                             Type                      Level
   a - Sting                          Conjuration/Poison           1
   b - Poisonous Vapours              Poison/Air                   2
   c - Mephitic Cloud                 Conjuration/Poison/Air       3
   d - Olgreb's Toxic Radiance        Poison                       4
   e - Venom Bolt                     Conjuration/Poison           5
Comestibles
 c - a ration


   Skills:
 * Level 1.3 Fighting
 - Level 1.5 Dodging
 - Level 1.5 Stealth
 - Level 1.5 Spellcasting
 - Level 1.0 Conjurations
 - Level 2.6 Poison Magic


You had 2 spell levels left.
You knew the following spells:

 Your Spells              Type           Power        Failure   Level  Hunger
b - Sting                 Conj/Pois      #...         11%         1    ##.....


Dungeon Overview and Level Annotations

Branches:
Dungeon (1/15)

Altars:


Message History

You don't have enough magic to cast that spell.
The bat hits you but does no damage. The bat hits you. x2
A rat comes into view.
You take 2 damage, and have 11/14 hp.
The bat hits you.
You take 1 damage, and have 10/14 hp.
You barely miss the bat. The bat closely misses you.
You closely miss the bat. The bat barely misses you.
You closely miss the bat. The bat misses you.
You miss the bat. The bat misses you. The bat closely misses you.
You hit the bat.
The bat is heavily wounded.
The bat hits you but does no damage. x2
You miss the bat.
The bat is heavily wounded.
The bat barely misses you. The bat closely misses you.
You barely miss the bat.
The bat is heavily wounded.
The bat closely misses you. x2
You hit the bat.
You kill the bat!
Casting: Sting
Confirm with . or Enter, or press ? or * to list all spells.
Aiming: Sting
Press: ? - help, Shift-Dir - straight line, f/p - hobgoblin
Aim: a hobgoblin (moderately wounded)
The sting misses the hobgoblin.
The sting hits the ooze.
The ooze completely resists.
The hobgoblin hits you.
* * * LOW HITPOINT WARNING * * *
You take 4 damage, and have 7/15 hp.
MASSIVE DAMAGE!!
You now have 0/3 mp.
You closely miss the hobgoblin.
The hobgoblin is moderately wounded.
The ooze jiggles.
The hobgoblin barely misses you.
You barely miss the hobgoblin.
The hobgoblin is moderately wounded.
The hobgoblin closely misses you.
You hit the hobgoblin.
The hobgoblin is heavily wounded.
The hobgoblin hits you.
* * * LOW HITPOINT WARNING * * *
You take 4 damage, and have 3/15 hp.
MASSIVE DAMAGE!!
You see here 24 arrows.
Casting: Sting
Confirm with . or Enter, or press ? or * to list all spells.
Aiming: Sting
Press: ? - help, Shift-Dir - straight line, f/p - hobgoblin
Aim: a hobgoblin (moderately wounded)
The sting hits the hobgoblin.
The hobgoblin is poisoned.
The hobgoblin is heavily wounded.
The hobgoblin hits you.
* * * LOW HITPOINT WARNING * * *
You take 2 damage, and have 1/15 hp.
You now have 0/3 mp.
You kill the hobgoblin!
Your Fighting skill increases to level 1!
Casting: Sting
Confirm with . or Enter, or press ? or * to list all spells.
Okay, then.
Unknown command.
Casting: Sting
Confirm with . or Enter, or press ? or * to list all spells.
Aiming: Sting
Press: ? - help, Shift-Dir - straight line, f - ooze
Aim: an ooze The sting hits the ooze.
The ooze completely resists.
You now have 1/3 mp.
Casting: Sting
Confirm with . or Enter, or press ? or * to list all spells.
Aiming: Sting
Press: ? - help, Shift-Dir - straight line, f/p - ooze
Aim: an ooze The sting hits the ooze.
The ooze is lightly wounded.
You now have 0/3 mp.
You see here 24 arrows.
A kobold comes into view.
It is wielding a dagger of electrocution.
The ooze hits you.
* * * LOW HITPOINT WARNING * * *
Casting: Sting
Confirm with . or Enter, or press ? or * to list all spells.
Okay, then.
Unknown command.
Casting: Sting
Confirm with . or Enter, or press ? or * to list all spells.
Aiming: Sting
Press: ? - help, Shift-Dir - straight line, p - ooze The sting hits the kobold.
The kobold appears unharmed.
The ooze barely misses you.
The kobold throws a stone.
The stone barely misses you.
The stone hits the ooze but does no damage.
You now have 1/3 mp.
Casting: Sting
Confirm with . or Enter, or press ? or * to list all spells.
Aiming: Sting
Press: ? - help, Shift-Dir - straight line The sting hits the kobold.
The kobold is poisoned.
You kill the kobold!
The ooze hits you.
You die...

# #.##.......#.#
#.##.##.........#
#.............###
####...............
..............######
#####....r....#
.............#
###......J...+
.......@....#
###..........#
...#..####### .#.#..
..... #)## #. .


You could see an ooze and a rat.

Vanquished Creatures
  A bat (D:1)
  A hobgoblin (D:1)
  A kobold (D:1)
3 creatures vanquished.

Notes
Turn   | Place    | Note
-------+----------+-------------------------------------------
     0 | D:1      | Monsterracer the Hill Orc Venom Mage began the quest for the Orb.
     0 | D:1      | Reached XP level 1. HP: 14/14 MP: 3/3
    39 | D:1      | HP: 7/15 [hobgoblin (4)]
    42 | D:1      | HP: 3/15 [hobgoblin (4)]
    51 | D:1      | HP: 1/15 [hobgoblin (2)]
    55 | D:1      | Reached skill level 1 in Fighting
   109 | D:1      | HP: 4/16 [ooze (1)]
   111 | D:1      | Slain by an ooze

Skill      XL: |  1 |
---------------+----+-----
Fighting       | 1 |  1.3
Dodging        | |  1.5
Stealth        | |  1.5
Spellcasting   | |  1.5
Conjurations   | |  1.0
Poison Magic   | |  2.6

Action                   || total
-------------------------++-------
Melee: Unarmed           ||    11
 Cast: Sting             ||     9
Armor: Robe              ||     3
Dodge: Dodged            ||    15

Vault maps used:
D:1:      eino_arrival_tree_alley
